NYP
WEST VIRGINIA BLACK BEARS @ TRI-CITY DUST DEVILS
07/21/2045
 
TOP OF THE 1ST
Milwaukee (NYP) Brewers batting - Pitching for Boise Hawks : RHP Edwin Vasquez
Pitching: RHP Edwin Vasquez
Batting: RHB John Welch 0-0: Ball
1-0: Ball
2-0: Reached on error, E5 (Groundball, 5S, EV 70.6 MPH)
Batting: RHB Nick Garland Balk!
John Welch to second
0-0: Swinging Strike
0-1: Foul Ball, location: 2F
0-2: Ball
1-2: Foul Ball, location: 2F
1-2: Ground out 4-3 (Groundball, 4, EV 105.0 MPH)
John Welch to third
Batting: RHB Jeff Cornett 0-0: Foul Ball, location: 2F
0-1: Foul Ball, location: 2F
0-2: Ball
1-2: Foul Ball, location: 2F
1-2: Foul Ball, location: 2F
1-2: DOUBLE (Flyball, 8RD, EV 106.9 MPH)
John Welch scores
Batting: LHB Joe Vida 0-0: Ball
1-0: Foul Ball, location: 2F
1-1: SINGLE (Groundball, 4D, EV 97.5 MPH)
Jeff Cornett to third
Batting: RHB Josh Baker 0-0: Ball
1-0: Foul Ball, location: 2F
1-1: Ball
2-1: Ball
3-1: Called Strike
3-2: Grounds into double play, 6-4-3 (Groundball, 6, EV 81.9 MPH)
Top of the 1st over - 1 run, 2 hits, 1 error, 1 left on base; Milwaukee (NYP) 1 - Boise 0
BOTTOM OF THE 1ST
Boise Hawks batting - Pitching for Milwaukee (NYP) Brewers : RHP Jason Ukena
Pitching: RHP Jason Ukena
Batting: RHB Orlando Fernandez 0-0: Called Strike
0-1: Ground out 4-3 (Groundball, 4, EV 88.1 MPH)
Batting: LHB Chris Israel 0-0: Called Strike
0-1: Ball
1-1: Ball
2-1: Ball
3-1: Base on Balls
Batting: RHB Roberto Rodriguez 0-0: Called Strike
0-1: Ball
Chris Israel steals 2nd base
1-1: Foul Ball, location: 2F
1-2: Foul Ball, location: 2F
1-2: Ball
2-2: Ball
3-2: Fly out, F9 (Flyball, 9D, EV 99.4 MPH)
Runner from 2nd tags up, SAFE at 3rd, no throw by RF
Batting: RHB Devine Adams 0-0: Ground out 6-3 (Groundball, 6, EV 99.4 MPH)
Bottom of the 1st over - 0 runs, 0 hits, 0 errors, 1 left on base; Milwaukee (NYP) 1 - Boise 0
TOP OF THE 2ND
Milwaukee (NYP) Brewers batting - Pitching for Boise Hawks : RHP Edwin Vasquez
Batting: RHB Chris Zamora 0-0: Fly out, F8 (Flyball, 89M, EV 91.3 MPH)
Batting: RHB Carlos Salazar 0-0: Ball
1-0: Foul Ball, location: 2F
1-1: Ground out 5-3 (Groundball, 5L, EV 82.5 MPH)
Batting: RHB Oscar Chairez 0-0: Ball
1-0: Foul Ball, location: 2F
1-1: Foul Ball, location: 2F
1-2: Ground out 4-3 (Groundball, 4, EV 96.9 MPH)
Top of the 2nd over - 0 runs, 0 hits, 0 errors, 0 left on base; Milwaukee (NYP) 1 - Boise 0
BOTTOM OF THE 2ND
Boise Hawks batting - Pitching for Milwaukee (NYP) Brewers : RHP Jason Ukena
Batting: RHB Shelby Peddle 0-0: Called Strike
0-1: Foul Ball, location: 2F
0-2: Ball
1-2: Ground out 5-3 (Groundball, 56S, EV 70.0 MPH)
Batting: LHB Antonio Chavez 0-0: Called Strike
0-1: Ball
1-1: Ball
2-1: Ball
3-1: Foul Ball, location: 2F
3-2: Strikes out swinging
Batting: RHB Justin Williams 0-0: Ball
1-0: Swinging Strike
1-1: Ball
2-1: Foul Ball, location: 2F
2-2: Fly out, F4 (Popup, 4D, EV 58.1 MPH)
Bottom of the 2nd over - 0 runs, 0 hits, 0 errors, 0 left on base; Milwaukee (NYP) 1 - Boise 0
TOP OF THE 3RD
Milwaukee (NYP) Brewers batting - Pitching for Boise Hawks : RHP Edwin Vasquez
Batting: RHB Jamal Migwi 0-0: Called Strike
0-1: Swinging Strike
0-2: Foul Ball, location: 2F
0-2: Ball
1-2: Strikes out swinging
Batting: RHB John Welch 0-0: Foul Ball, location: 2F
0-1: Foul Ball, location: 2F
0-2: SINGLE (Groundball, 56D, EV 98.8 MPH)
Batting: RHB Nick Garland 0-0: Called Strike
John Welch steals 2nd base
0-1: Ball
1-1: Foul Ball, location: 2F
1-2: Ball
2-2: Strikes out swinging
Batting: RHB Jeff Cornett 0-0: Called Strike
0-1: Ball
1-1: Called Strike
1-2: Ball
2-2: Ball
3-2: Foul Ball, location: 2F
3-2: Strikes out swinging
Top of the 3rd over - 0 runs, 1 hit, 0 errors, 1 left on base; Milwaukee (NYP) 1 - Boise 0
BOTTOM OF THE 3RD
Boise Hawks batting - Pitching for Milwaukee (NYP) Brewers : RHP Jason Ukena
Batting: RHB Jose Sisneros 0-0: Fly out, F9 (Flyball, 9, EV 86.3 MPH)
Batting: RHB Enrique Vazquez 0-0: Ground out 5-3 (Groundball, 56S, EV 71.9 MPH)
Batting: RHB Orlando Fernandez 0-0: DOUBLE (Groundball, 5L, EV 101.3 MPH)
Batting: LHB Chris Israel 0-0: Foul Ball, location: 2F
0-1: Ball
1-1: Ball
2-1: Ground out 4-3 (Groundball, 4, EV 109.4 MPH)
Bottom of the 3rd over - 0 runs, 1 hit, 0 errors, 1 left on base; Milwaukee (NYP) 1 - Boise 0
TOP OF THE 4TH
Milwaukee (NYP) Brewers batting - Pitching for Boise Hawks : RHP Edwin Vasquez
Batting: LHB Joe Vida 0-0: Ball
1-0: Ball
2-0: Called Strike
2-1: Ball
3-1: SOLO HOME RUN (Line Drive, 9D, EV 99.4 MPH), Distance : 369 ft
Batting: RHB Josh Baker 0-0: Ball
1-0: Swinging Strike
1-1: Fly out, F8 (Flyball, 8RM, EV 77.5 MPH)
Batting: RHB Chris Zamora 0-0: Ball
1-0: Foul Ball, location: 2F
1-1: Foul Ball, location: 2F
1-2: Foul Ball, location: 2F
1-2: Ball
2-2: Strikes out looking
Batting: RHB Carlos Salazar 0-0: DOUBLE (Flyball, 89D, EV 99.4 MPH)
Batting: RHB Oscar Chairez 0-0: Ball
1-0: Ground out 6-3 (Groundball, 6, EV 88.1 MPH)
Top of the 4th over - 1 run, 2 hits, 0 errors, 1 left on base; Milwaukee (NYP) 2 - Boise 0
BOTTOM OF THE 4TH
Boise Hawks batting - Pitching for Milwaukee (NYP) Brewers : RHP Jason Ukena
Batting: RHB Roberto Rodriguez 0-0: Ball
1-0: Called Strike
1-1: Ball
2-1: Ball
3-1: Foul Ball, location: 2F
3-2: Base on Balls
Batting: RHB Devine Adams 0-0: Ball
1-0: Grounds into double play, 6-4-3 (Groundball, 6M, EV 105.6 MPH)
Batting: RHB Shelby Peddle 0-0: Ball
1-0: Ball
2-0: Ball
3-0: Called Strike
3-1: Base on Balls
Batting: LHB Antonio Chavez 0-0: Ball
1-0: Fly out, F9 (Flyball, 9D, EV 78.8 MPH)
Bottom of the 4th over - 0 runs, 0 hits, 0 errors, 1 left on base; Milwaukee (NYP) 2 - Boise 0
TOP OF THE 5TH
Milwaukee (NYP) Brewers batting - Pitching for Boise Hawks : RHP Edwin Vasquez
Batting: RHB Jamal Migwi 0-0: Fly out, F7 (Flyball, 7LM, EV 90.6 MPH)
Batting: RHB John Welch 0-0: Ground out 3-1 (Groundball, 34, EV 80.0 MPH)
Batting: RHB Nick Garland 0-0: Called Strike
0-1: Ball
1-1: Ball
2-1: Ground out 2-3 (Groundball, 2R, EV 75.6 MPH)
Top of the 5th over - 0 runs, 0 hits, 0 errors, 0 left on base; Milwaukee (NYP) 2 - Boise 0
BOTTOM OF THE 5TH
Boise Hawks batting - Pitching for Milwaukee (NYP) Brewers : RHP Jason Ukena
Batting: RHB Justin Williams 0-0: Ball
1-0: Called Strike
1-1: Ball
2-1: Foul Ball, location: 2F
2-2: Ground out 3-1 (Groundball, 34, EV 98.8 MPH)
Batting: RHB Jose Sisneros 0-0: Ball
1-0: Ground out 6-3 (Groundball, 6, EV 79.4 MPH)
Batting: RHB Enrique Vazquez 0-0: Called Strike
0-1: Ball
1-1: Ground out 5-3 (Groundball, 25, EV 88.1 MPH)
Bottom of the 5th over - 0 runs, 0 hits, 0 errors, 0 left on base; Milwaukee (NYP) 2 - Boise 0
TOP OF THE 6TH
Milwaukee (NYP) Brewers batting - Pitching for Boise Hawks : RHP Edwin Vasquez
Batting: RHB Jeff Cornett 0-0: Fly out, F4 (Flyball, 34D, EV 93.1 MPH)
Batting: LHB Joe Vida 0-0: Called Strike
0-1: Called Strike
0-2: Ball
1-2: Strikes out looking
Batting: RHB Josh Baker 0-0: Called Strike
0-1: Ball
1-1: Fly out, F8 (Line Drive, 8RD, EV 96.3 MPH)
Top of the 6th over - 0 runs, 0 hits, 0 errors, 0 left on base; Milwaukee (NYP) 2 - Boise 0
BOTTOM OF THE 6TH
Boise Hawks batting - Pitching for Milwaukee (NYP) Brewers : RHP Jason Ukena
Batting: RHB Orlando Fernandez 0-0: Ball
1-0: Ball
2-0: Ball
3-0: Base on Balls
Batting: LHB Chris Israel 0-0: Ball
Orlando Fernandez is caught stealing 2nd base 2-6
1-0: Ball
2-0: Called Strike
2-1: Ground out 4-3 (Groundball, 4, EV 85.6 MPH)
Batting: RHB Roberto Rodriguez 0-0: Called Strike
0-1: Foul Ball, location: 2F
0-2: Ball
1-2: Strikes out swinging
Bottom of the 6th over - 0 runs, 0 hits, 0 errors, 0 left on base; Milwaukee (NYP) 2 - Boise 0
TOP OF THE 7TH
Milwaukee (NYP) Brewers batting - Pitching for Boise Hawks : RHP Edwin Vasquez
Batting: RHB Chris Zamora 0-0: Foul Ball, location: 2F
0-1: Ball
1-1: Swinging Strike
1-2: Strikes out swinging
Batting: RHB Carlos Salazar 0-0: Ball
1-0: Called Strike
1-1: Foul Ball, location: 2F
1-2: Strikes out looking
Batting: RHB Oscar Chairez 0-0: Ground out 4-3 (Groundball, 4, EV 105.6 MPH)
Top of the 7th over - 0 runs, 0 hits, 0 errors, 0 left on base; Milwaukee (NYP) 2 - Boise 0
BOTTOM OF THE 7TH
Boise Hawks batting - Pitching for Milwaukee (NYP) Brewers : RHP Jason Ukena
Batting: RHB Devine Adams 0-0: Called Strike
0-1: Ball
1-1: Foul Ball, location: 2F
1-2: Ball
2-2: Ball
3-2: SINGLE (Line Drive, 8LS, EV 93.8 MPH)
Pitching: LHP Matthew Williams
Batting: RHB Shelby Peddle 0-0: Ball
1-0: Ball
2-0: Called Strike
2-1: Foul Ball, location: 2F
2-2: Foul Ball, location: 2F
2-2: 2-RUN HOME RUN (Flyball, 9D, EV 100.0 MPH), Distance : 387 ft
Pinch Hitting: RHB Fu-Kang Duan 0-0: Foul Ball, location: 2F
0-1: Ball
1-1: Foul Ball, location: 2F
1-2: Ball
2-2: Foul Ball, location: 2F
2-2: Foul Ball, location: 2F
2-2: DOUBLE (Groundball, 5L, EV 106.3 MPH)
Batting: RHB Justin Williams 0-0: Fly out, F8 (Flyball, 78D, EV 91.3 MPH)
Batting: RHB Jose Sisneros 0-0: Called Strike
0-1: Ball
1-1: Ball
Fu-Kang Duan steals 3rd base (no throw)
2-1: Fly out, F8 (Flyball, 8RD, EV 75.0 MPH)
Runner from 3rd tags up, SCORES, throw by CF
Batting: RHB Enrique Vazquez 0-0: Ground out 5-3 (Groundball, 56, EV 98.1 MPH)
Bottom of the 7th over - 3 runs, 3 hits, 0 errors, 0 left on base; Milwaukee (NYP) 2 - Boise 3
TOP OF THE 8TH
Milwaukee (NYP) Brewers batting - Pitching for Boise Hawks : RHP Edwin Vasquez
Now at 2B: Fu-Kang Duan
Batting: RHB Jamal Migwi 0-0: Ball
1-0: Fly out, F8 (Flyball, 78D, EV 105.0 MPH)
Batting: RHB John Welch 0-0: Foul Ball, location: 2F
0-1: Ball
1-1: Called Strike
1-2: Strikes out looking
Batting: RHB Nick Garland 0-0: SINGLE (Groundball, 5D, EV 111.9 MPH)
Batting: RHB Jeff Cornett 0-0: Called Strike
0-1: Called Strike
0-2: Strikes out swinging
Top of the 8th over - 0 runs, 1 hit, 0 errors, 1 left on base; Milwaukee (NYP) 2 - Boise 3
BOTTOM OF THE 8TH
Boise Hawks batting - Pitching for Milwaukee (NYP) Brewers : LHP Matthew Williams
Pitching: LHP Trevor Sharp
Batting: RHB Orlando Fernandez 0-0: Ball
1-0: Ball
2-0: Called Strike
2-1: Ball
3-1: Foul Ball, location: 2F
3-2: Base on Balls
Batting: LHB Chris Israel 0-0: Bunt missed!
0-1: Ball
Orlando Fernandez steals 2nd base (no throw)
1-1: Sac Bunt to 3S - play at first, batter OUT! 3-4
Orlando Fernandez to third
Batting: RHB Roberto Rodriguez 0-0: Ball
Wild Pitch!
Orlando Fernandez scores
1-0: Ball
2-0: Ball
3-0: Base on Balls
Batting: RHB Devine Adams 0-0: Ball
Roberto Rodriguez is caught stealing 2nd base 2-4
1-0: SINGLE (Line Drive, 8LS, EV 91.9 MPH)
Batting: RHB Shelby Peddle 0-0: Called Strike
0-1: Ground out 4-3 (Groundball, 34D, EV 103.8 MPH)
Bottom of the 8th over - 1 run, 1 hit, 0 errors, 1 left on base; Milwaukee (NYP) 2 - Boise 4
TOP OF THE 9TH
Milwaukee (NYP) Brewers batting - Pitching for Boise Hawks : RHP Edwin Vasquez
Pitching: RHP John Mathis
Now at 3B: Harrison McLaughlin
Batting: LHB Joe Vida 0-0: Swinging Strike
0-1: Ball
1-1: Swinging Strike
1-2: Strikes out swinging
Batting: RHB Josh Baker 0-0: Called Strike
0-1: Ball
1-1: Foul Ball, location: 2F
1-2: Strikes out swinging
Batting: RHB Chris Zamora 0-0: Called Strike
0-1: Ball
1-1: Called Strike
1-2: Strikes out swinging
Top of the 9th over - 0 runs, 0 hits, 0 errors, 0 left on base; Milwaukee (NYP) 2 - Boise 4
Wednesday, June 22nd , 2022 - OOTP Baseball 23.4 Build 64